 Dungeon Crawl Stone Soup version 0.31-a0-544-gceb718ecc6 (webtiles) character file.

Game seed: 13959338119318891709

48 LeprechaunX the Changeling (level 3, 0/24 HPs)
             Began as an Octopode Shapeshifter on Aug 15, 2023.
             Slain by a goblin
             ... wielding a +0 dagger
             ... led by Robin
              (3 damage)
             ... on level 2 of the Dungeon.
             The game lasted 00:01:53 (699 turns).

LeprechaunX the Changeling (Octopode Shapeshifter)   Turns: 699, Time: 00:01:54

Health: 0/24       AC:  1    Str: 14    XL:     3   Next: 72%
Magic:  3/3        EV: 13    Int: 10    God:
Gold:   16         SH:  0    Dex: 14    Spells: 2/2 levels left

rFire   . .          .
                       - Unarmed
rCold   . . .        (no shield)
rNeg    . . .        (helmet currently unavailable)
rPois   .            (no amulet)
rElec   .            (no ring)
rCorr   .            (no ring)
SInv    .            (no ring)
Will    .....        (no ring)
Stlth   ++           (no ring)
HPRegen 0.24/turn    (no ring)
MPRegen 0.08/turn    (no ring)
                     (no ring)

%: no passive effects
@: beast-form
A: beast (slay +2), almost no armour, amphibious, 8 rings, camouflage 1,
gelatinous body 1, (nimble swimmer 1), tentacles
a: Begin Untransformation


You were on level 2 of the Dungeon.
You were a hulking beast.
You visited 1 branch of the dungeon, and saw 2 of its levels.

You collected 16 gold pieces.

Inventory:

Missiles
 j - 3 boomerangs
Talismans
 b - a beast talisman (active)
 c - a flux talisman
Scrolls
 d - a scroll of amnesia {unknown}
 h - a scroll of identify {unknown}
 k - a scroll of revelation {unknown}
 l - a scroll of blinking {unknown}
 m - 2 scrolls of teleportation {unknown}
Potions
 a - a potion of lignification
 e - a potion of might {unknown}
 f - a potion of magic {unknown}
 g - a potion of curing {unknown}
 i - 2 potions of attraction {unknown}
 n - a potion of heal wounds {unknown}
 o - a potion of ambrosia {unknown}


   Skills:
 + Level 1.7 Fighting
 + Level 2.4 Dodging
 + Level 3.3 Unarmed Combat
 * Level 3.5 Shapeshifting


You had 2 spell levels left.
You didn't know any spells.
Your spell library contained the following spells:

 Spells                   Type           Power      Damage    Failure   Level
 Magic Dart               Conj           0%         1d3       36%         1
 Searing Ray              Conj           0%         2d4       50%         2
 Ozocubu's Armour         Ice            0%         N/A       75%         3
 Fulminant Prism          Conj/Hex       0%         3d5       98%         4
 Ozocubu's Refrigeration  Ice            0%         4d7       100%        7


Dungeon Overview and Level Annotations

Branches:
Dungeon (2/15)

Altars:

Annotations:
D:2 Robin


Innate Abilities, Weirdness & Mutations

You are a hulking beast.
Your limbs bulge with bestial killing power. (Slay +2)
You cannot wear most types of armour.
You are amphibious.
You can wear up to eight rings at the same time.
Your skin changes colour to match your surroundings (Stealth+).
Your rubbery body absorbs attacks. (AC +1, EV +1)
((You are camouflaged when in or above water. (Stealth+)))
You have tentacles for arms and can constrict up to eight enemies at once.


Message History

Robin throws the goblin at you!
You tentacle-slap the goblin.
You kill the goblin!
A jackal comes into view.
You barely miss the goblin. You grab the goblin. You squeeze the goblin.
You kill the goblin!
An endoplasm comes into view.
You tentacle-slap the goblin. Your grab misses the goblin.
Your squeeze misses the goblin.
The goblin is severely wounded.
Robin throws the goblin at you! The goblin misses you.
The goblin hits you but does no damage.
You bludgeon the goblin!
You kill the goblin!
The goblin hits you with a +0 dagger.
You closely miss the goblin. Your grab misses the goblin.
The goblin hits you but does no damage. The goblin barely misses you.
You bludgeon the goblin!
You kill the goblin!
Robin throws the goblin at you! The goblin closely misses you.
The goblin hits you with a +0 dagger.
A hobgoblin comes into view.
You are too injured to fight recklessly!
You are too injured to fight recklessly!
You are too injured to fight recklessly!
You are too injured to fight recklessly!
You are too injured to fight recklessly!
You are too injured to fight recklessly!
You are too injured to fight recklessly!
You are too injured to fight recklessly!
You are too injured to fight recklessly!
You are too injured to fight recklessly!
Unknown command.
The goblin misses you. The goblin attacks as you move away!
The goblin hits you with a +0 dagger.
* * * LOW HITPOINT WARNING * * *
The endoplasm hits you.
* * * LOW HITPOINT WARNING * * *
The goblin attacks as you move away! The goblin hits you with a +0 dagger.
You die... #.# #.... #.# .# #.#.. #.# .# #.#.. hhg

.########.#.. #.# ..
.......... #g# ##.#
#..... #g####..#
#...## #.##)g..#.####
##.## #...gJh...)..#
#.# #.....##...##.###
#.#
#.###.##........####.#
# #.............##.#
#.##........)....#
...##........#.#..#
#.................#
##........#.#.##
#............#


You could see an endoplasm, a hobgoblin (wandering) and 3 goblins.

Vanquished Creatures
  2 worms
  A dart slug (D:2)
  4 endoplasms
  8 goblins
  4 hobgoblins
  2 jackals (D:2)
  2 quokkas
  3 ball pythons (D:1)
  4 bats
  A frilled lizard (D:1)
  A kobold (D:2)
  3 rats (D:1)
35 creatures vanquished.

Notes
Turn   | Place    | Note
-------+----------+-------------------------------------------
     0 | D:1      | LeprechaunX the Octopode Shapeshifter began the quest for
                  | the Orb.
     0 | D:1      | Reached XP level 1. HP: 13/13 MP: 1/1
   219 | D:1      | Reached XP level 2. HP: 18/18 MP: 2/2
   329 | D:1      | Reached XP level 3. HP: 23/23 MP: 3/3
   688 | D:2      | Noticed Robin
   699 | D:2      | Slain by a goblin

Illustrated notes

Levels and vault maps discovered:
D:1:      scummos_arrival_forest, layout_rooms, minmay_crystal_water,
          nicolae_wormholes
D:2:      layout_loops_ring, uniq_robin, uniq_sigmund

Action                     || total
---------------------------++-------
  Melee: Unarmed           ||    57
         Constrict         ||    17
         Tentacles         ||     9
         Punch             ||     2
   Stab: Sleeping          ||     5
 Armour: Skin              ||     3
  Dodge: Dodged            ||    35

Table legend: (Time is in decaauts)
 A = Elapsed time spent in this place.
 B = Non-inter-level travel time spent in this place.
 C = Inter-level travel time spent in this place.
 D = Time resting spent in this place.
 E = Time spent auto-exploring this place.
 F = Levels seen in this place.
 G = Mean time per level.
                   A        B        C        D        E       F      G
               +--------+--------+--------+--------+--------+-----+--------+
         Total |    695 |    669 |     26 |      0 |    499 |   2 |  347.5 |
       Dungeon |    695 |    669 |     26 |      0 |    499 |   2 |  347.5 |
               +--------+--------+--------+--------+--------+-----+--------+

Top non-repeatable levels by time:
     D:1: 482 daAuts
     D:2: 213 daAuts
